 Dungeon Crawl Stone Soup version 0.23-a0-480-g1869896 (webtiles) character file.

345 emperorscorpion the Conjurer (level 6, -11/42 HPs)
             Began as a Human Conjurer on Nov 27, 2018.
             Was a Follower of Ru.
             Mangled by an ice beast (12 damage)
             ... on level 5 of the Dungeon on Nov 28, 2018.
             The game lasted 00:09:27 (5865 turns).

emperorscorpion the Conjurer (Human Conjurer)       Turns: 5865, Time: 00:09:29

Health: -11/42     AC:  5    Str: 14    XL:     6   Next: 89%
Magic:  5/12       EV: 13    Int: 18    God:    Ru [*.....]
Gold:   214        SH:  0    Dex: 13    Spells: 5/13 levels left

rFire    . . .     SeeInvis .   a - +2 dagger (elec)
rCold    . . .     Gourm    .   (no shield)
rNeg     . . .     Faith    .   h - +1 robe
rPois    .         Spirit   .   v - +0 helmet
rElec    .         Reflect  .   (no cloak)
rCorr    .         Harm     .   (no gloves)
MR       .....                  w - +0 pair of boots {Fly}
Stlth    ++........             (no amulet)
HPRegen  0.14/turn              o - +6 ring of strength
MPRegen  0.13/turn              (no ring)

@: horrified, flying
A: cowardly
a: Renounce Religion, Stop Flying


You were on level 5 of the Dungeon.
You worshipped Ru.
Ru was aware of your devotion.
You were not hungry.

You visited 1 branch of the dungeon, and saw 5 of its levels.

You collected 363 gold pieces.
You spent 149 gold pieces at shops.

Inventory:

Hand Weapons
 a - a +2 dagger of electrocution (weapon)
 d - a +0 blowgun
 l - a +3 dagger
 t - a +1 dagger of venom
Missiles
 i - 22 poisoned needles
Armour
 h - a +1 robe (worn)
 r - a +0 ring mail
 v - a +0 helmet (worn)
 w - a +0 pair of boots of flying (worn)
Jewellery
 o - a +6 ring of strength (left hand)
Wands
 p - a wand of iceblast (8)
 y - a wand of paralysis (2)
Scrolls
 b - a scroll of enchant weapon {unknown}
 e - a scroll of blinking {unknown}
 m - 2 scrolls of remove curse
 n - 3 scrolls of identify
 q - 2 scrolls of magic mapping {unknown}
 s - 2 scrolls of fog
 u - a scroll of teleportation {unknown}
Potions
 g - 2 potions of might
 j - a potion of cancellation
 k - 3 potions of heal wounds {unknown}
 z - 2 potions of ambrosia {unknown}
 A - 2 potions of curing {unknown}
Comestibles
 c - 9 rations


   Skills:
 + Level 0.3 Fighting
 + Level 1.0 Short Blades
 + Level 2.4 Dodging
 + Level 2.3 Stealth
 + Level 0.1 Unarmed Combat
 + Level 4.1 Spellcasting
 + Level 5.9 Conjurations
 + Level 0.2 Hexes


You had 5 spell levels left.
You knew the following spells:

 Your Spells              Type           Power        Failure   Level  Hunger
a - Magic Dart            Conj           ###.         1%          1    None
b - Dazzling Spray        Conj/Hex       ##....       12%         3    ###....
c - Iskenderun's Mystic   Conj           ###.....     13%         4    ####...

Your spell library contained the following spells:

 Spells                   Type           Power        Failure   Level  Hunger
 Searing Ray              Conj           ###...       1%          2    ##.....
 Fulminant Prism          Conj/Hex       ##........   38%         4    ####...
 Force Lance              Conj/Tloc      ##......     41%         4    ####...
 Summon Forest            Summ/Tloc      #.........   99%         5    ######.
 Bolt of Fire             Conj/Fire      ##........   100%        6    #######
 Disjunction              Tloc           #.........   100%        8    #######


Dungeon Overview and Level Annotations

Branches:
Dungeon (5/15)
 Temple: D:4-7

Altars:
Ashenzari
Fedhas
Ru

Shops:
D:4 =[(=


Innate Abilities, Weirdness & Mutations

Your cowardice makes you less effective in combat with threatening monsters.


Message History

* * * LOW HITPOINT WARNING * * *
You see here an adder skeleton.
There is a stone staircase leading up here.
It was a potion of resistance.
You feel protected. The ice beast hits you.
* * * LOW HITPOINT WARNING * * *
The ice beast freezes you. You resist.
* * * LOW HITPOINT WARNING * * *
It was a potion of might.
You feel very mighty all of a sudden. The ice beast completely misses you.
It was a potion of cancellation.
Your magical effects are unravelling.
You feel magically purged.
You feel a little less mighty now.
Your resistance to elements expires.
The ice beast hits you.
* * * LOW HITPOINT WARNING * * *
The ice beast freezes you!
You die...

.. .# .###.######.#
........#@#.#
........#Y#.#
........#.#.#
........#.#.#
........#.#.#####.
..................
.......รท#...#####.
........#######
....###........


You could see an ice beast.

Vanquished Creatures
  A crimson imp (D:5)
  Jessica (D:2)
  Ijyb (D:4)
  A worker ant (D:4)
  7 adders
  5 oozes
  An adder skeleton (D:4)
  An adder zombie (D:5)
  3 worms
  4 dart slugs
  5 leopard geckos
  2 orcs
  6 bats
  8 giant cockroaches
  15 hobgoblins
  14 jackals
  11 kobolds
  A quokka (D:2)
  4 frilled lizards
  19 goblins
  A quokka skeleton (D:4)
  13 rats
124 creatures vanquished.

Notes
Turn   | Place    | Note
-------+----------+-------------------------------------------
     0 | D:1      | emperorscorpion the Human Conjurer began the quest for the
                  | Orb.
     0 | D:1      | Reached XP level 1. HP: 13/13 MP: 3/3
   262 | D:1      | Reached XP level 2. HP: 19/19 MP: 0/5
   672 | D:1      | Reached XP level 3. HP: 24/24 MP: 1/6
   677 | D:1      | Learned a level 3 spell: Dazzling Spray
  1395 | D:1      | Reached XP level 4. HP: 30/30 MP: 1/7
  1746 | D:2      | Found a sacrificial altar of Ru.
  1757 | D:2      | Became a worshipper of Ru the Awakened
  2159 | D:2      | Reached skill level 5 in Conjurations
  2367 | D:2      | Noticed Jessica
  2377 | D:2      | Killed Jessica
  2377 | D:2      | Reached XP level 5. HP: 35/35 MP: 5/9
  3701 | D:3      | Reached XP level 6. HP: 30/41 MP: 0/11
  3702 | D:3      | Gained mutation: Your cowardice makes you less effective in
                  | combat with threatening monsters. [Ru sacrifice]
  3702 | D:3      | Reached * piety under Ru
  3703 | D:3      | Upgraded the game from 0.23-a0-473-gc8aadda to
                  | 0.23-a0-480-g1869896
  4153 | D:3      | Learned a level 4 spell: Iskenderun's Mystic Blast
  4370 | D:3      | Reached skill level 1 in Short Blades
  4559 | D:4      | Found Ycetiset's Jewellery Boutique.
  4725 | D:4      | Found Rimn's Armour Emporium.
  4728 | D:4      | Bought a +0 pair of boots of flying for 149 gold pieces
  5007 | D:4      | Found Ruyscheida's Jewellery Shop.
  5056 | D:4      | Found Ireozoac's Antique Weapon Shoppe.
  5058 | D:4      | Found a blossoming altar of Fedhas.
  5193 | D:4      | Found a shattered altar of Ashenzari.
  5496 | D:4      | Noticed Ijyb
  5518 | D:4      | Killed Ijyb
  5695 | D:4      | Identified the Volume of the Thirteen Moons
  5754 | D:5      | Entered Level 5 of the Dungeon
  5839 | D:5      | Noticed an ice beast
  5863 | D:5      | HP: 2/42 [ice beast (4)]
  5865 | D:5      | Mangled by an ice beast

Vault maps used:
D:1:      wander_arrival_lonely_grave, minmay_unequal
D:2:      lemuel_crystal_altar, minmay_misc_feat_x, uniq_robin, uniq_jessica
D:3:      hangedman_glass_teeth
D:4:      kennysheep_goblin_castle, evilmike_ruin_ashenzari, fedhas_altar_2,
          serial_shops, shop_coins, shop, shop, kennysheep_mini
D:5:      xom_butterflies, elyvilon_altar_5, first_ration,
          ebering_ghost_sewer_d, minmay_manual_moon, uniq_ijyb

Skill      XL: |  1  2  3  4  5  6 |
---------------+-------------------+-----
Conjurations   | 5 |  5.9
Spellcasting   | 3 4 |  4.1
Short Blades   | 1 |  1.0
Fighting       | |  0.3
Dodging        | |  2.4
Stealth        | |  2.3
Unarmed Combat | |  0.1
Hexes          | |  0.2

Action                   |  1- 3 |  4- 6 || total
-------------------------+-------+-------++-------
Melee: Unarmed           |    13 |       ||    13
       Dagger            |       |    54 ||    54
 Cast: Magic Dart        |    68 |   195 ||   263
       Dazzling Spray    |       |     5 ||     5
       Iskenderun's Myst |       |     7 ||     7
Invok: Sacrifice Courage |       |     1 ||     1
  Use: Scroll            |       |     6 ||     6
       Potion            |       |     3 ||     3
  Eat: Chunk             |     2 |    16 ||    18
Armor: Robe              |     4 |    12 ||    16
Dodge: Dodged            |     8 |    53 ||    61

Table legend:
 A = Non-vault XP
 B = Vault XP
 C = Vault XP percentage of total XP
 D = Non-vault monster count
 E = Vault monster count
 F = Vault count percentage of total count
                 A         B        C        D         E       F
            +---------+---------+-------+---------+---------+-------
      Total |     373 |     120 |  24.3 |      98 |      26 |  21.0
            +---------+---------+-------+---------+---------+-------
        D:1 |      67 |       8 |  10.7 |      31 |       3 |   8.8
        D:2 |      83 |      56 |  40.3 |      27 |      12 |  30.8
        D:3 |      99 |       0 |   0.0 |      27 |       0 |   0.0
        D:4 |      55 |      56 |  50.5 |       9 |      11 |  55.0
        D:5 |      69 |       0 |   0.0 |       4 |       0 |   0.0
            +---------+---------+-------+---------+---------+-------
